 Seeded DCSS version 0.30.1-9-gdf580d7c3d (webtiles) character file.

Game seed: 7229806256980976716 (custom seed)

158 Psyclone the Digger (level 6, -2/1 HPs)
             Began as a Meteoran Earth Elementalist on Oct 17, 2023.
             Slain by a goblin
             ... wielding a +0 dagger
              (3 damage)
             ... on level 4 of the Dungeon.
             The game lasted 00:01:40 (4006 turns).

Psyclone the Digger (Meteoran Earth Elementalist)   Turns: 4006, Time: 00:01:41

Health: -2/1       AC:  5    Str:  9    XL:     6   Next: 0%
Magic:  14/14      EV: 12    Int: 18    God:
Gold:   3871       SH:  0    Dex: 16    Spells: 8/14 levels left

rFire   . . .        p - staff of earth
rCold   . . .        (no shield)
rNeg    . . .        a - +0 robe
rPois   .            (no helmet)
rElec   .            (no cloak)
rCorr   .            n - +0 pair of gloves
SInv    .            (no boots)
Will    .....        (no amulet)
Stlth   +            (no ring)
HPRegen 0.20/turn    (no ring)
MPRegen 0.14/turn

%: no passive effects
@: glowing
A: sense surroundings 1, otherworldly, glowing, explore regen, iridescent scales
1, robust 1, evolution 1, MP-powered wands, noise suppression
a: no special abilities


You were on level 4 of the Dungeon.
You visited 1 branch of the dungeon, and saw 4 of its levels.

You collected 3871 gold pieces.

Inventory:

Missiles
 d - a throwing net {!f}
Armour
 a - a +0 robe (worn)
 n - a +0 pair of gloves (worn)
Magical Staves
 p - a staff of earth (weapon)
Scrolls
 c - 3 scrolls of amnesia {unknown}
 e - a scroll of identify {unknown}
 f - 2 scrolls of blinking {unknown}
 h - a scroll of enchant armour {unknown}
 l - a scroll of poison {unknown}
Potions
 b - a potion of magic
 g - a potion of might {unknown}
 i - 2 potions of curing {unknown}
 j - a potion of invisibility {unknown}
 k - a potion of brilliance {unknown}
 m - a potion of mutation
 o - a potion of cancellation {unknown}


   Skills:
 - Level 2.4 Dodging
 - Level 1.4 Stealth
 * Level 4.6 Spellcasting
 + Level 2.9 Transmutations
 * Level 5.2 Earth Magic


You had 8 spell levels left.
You knew the following spells:

 Your Spells              Type           Power      Damage    Failure   Level
a - Sandblast             Erth           68%        2d15      1%          1
b - Passwall              Tmut/Erth      23%        N/A       3%          2
c - Stone Arrow           Conj/Erth      40%        3d9       14%         3

Your spell library contained the following spells:

 Spells                   Type           Power      Damage    Failure   Level
 Cigotuvi's Dreadful Rot  Necr/Pois/Air  8%         N/A       21%         2
 Poisonous Vapours        Pois/Air       8%         N/A       21%         2
 Petrify                  Tmut/Erth      28%        N/A       26%         4
 Mephitic Cloud           Conj/Pois/Air  4%         N/A       38%         3
 Dispel Undead            Necr           4%         3d7       80%         4
 Freezing Cloud           Conj/Ice/Air   2%         6-21      98%         5
 Death Channel            Necr           2%         N/A       100%        6


Dungeon Overview and Level Annotations

Branches:
Dungeon (4/15) Zot: 175
 Temple: D:4-7

Altars:

Annotations:
D:3 3 runed translucent doors


Innate Abilities, Weirdness & Mutations

You passively map a small area around you.
You are easily found by Zot.
You glow in the dark.
You regain HP and MP as you explore.
You are partially covered in iridescent scales. (AC +2)
You are robust. (+10% HP)
You have hidden genetic potential.
You expend magic power (3 MP) to strengthen your wands.
You passively dampen the noise of your surroundings.


Message History

Really rest while Zot is near?
You start waiting.
Zot draws nearer.
Dive deeper or flee this branch before you suffer!
Really rest while Zot is near?
You start waiting.
Zot has nearly found you.
Suffering is imminent.
Descend or flee this branch!
Really rest while Zot is near?
You start waiting.
Zot's power touches on you...
You take 1 damage, and have 1/1 hp.
MASSIVE DAMAGE!!
You start waiting.
Done waiting.
Unknown command.
You start waiting.
You have lingered too long.
Zot senses you.
Dive deeper or flee this branch before you suffer!
Unknown command.
Really rest while Zot is near?
You start waiting.
Zot draws nearer.
Dive deeper or flee this branch before you suffer!
Really rest while Zot is near?
You start waiting.
Zot has nearly found you.
Suffering is imminent.
Descend or flee this branch!
Zot's power touches on you...
You start waiting.
You have lingered too long.
Zot senses you.
Dive deeper or flee this branch before you suffer!
Unknown command.
Really rest while Zot is near?
You start waiting.
Zot draws nearer.
Dive deeper or flee this branch before you suffer!
Really rest while Zot is near?
You start waiting.
Zot has nearly found you.
Suffering is imminent.
Descend or flee this branch!
Zot's power touches on you...
You now have 3871 gold pieces (gained 10).
A goblin comes into view. It is wielding a +0 dagger.
The goblin shouts!
You see here a +0 mace.
You completely miss the goblin. The goblin hits you with a +0 dagger.
Ouch! That really hurt!
You die...

..<...#..##.........###
....................#
.....######.........#
.....# ##......?.#
.....# #........#
.....#* * ##........#
...... ##.........#
#.#.#.# #...........# ,
...##...g@)..# ...#
########## ... ,* .. ,
, * * ,, , , , * * , ,
, , ,


You could see a goblin.

Vanquished Creatures
  A scorpion (D:4)
  A jelly (D:2)
  A sleepcap (D:4)
  An adder (D:2)
  A worm (D:3)
  2 ball pythons
  2 bats
  An endoplasm (D:2)
  3 giant cockroaches
  3 hobgoblins
  6 jackals
  A kobold (D:4)
  2 quokkas
  A frilled lizard (D:1)
  3 rats
29 creatures vanquished.

Notes
Turn   | Place    | Note
-------+----------+-------------------------------------------
     0 | D:1      | Psyclone the Meteoran Earth Elementalist began the quest
                  | for the Orb.
     0 | D:1      | Reached XP level 1. HP: 14/14 MP: 5/5
    64 | D:1      | Identified 3 scrolls of acquirement
    64 | D:1      | Acquired 1248 gold pieces
    65 | D:1      | Acquired 1275 gold pieces
    88 | D:1      | Acquired 1252 gold pieces
   159 | D:1      | Reached XP level 2. HP: 20/20 MP: 3/6
   193 | D:1      | Gained mutation: You are partially covered in iridescent
                  | scales. (AC +2) [potion of mutation]
   193 | D:1      | Gained mutation: You expend magic power (3 MP) to
                  | strengthen your wands. [potion of mutation]
   193 | D:1      | Gained mutation: You have hidden genetic potential. [potion
                  | of mutation]
   193 | D:1      | Gained mutation: You have great hidden genetic potential.
                  | [potion of mutation]
   282 | D:2      | Reached skill level 4 in Earth Magic
   301 | D:2      | Reached XP level 3. HP: 26/26 MP: 6/8
   325 | D:2      | Reached XP level 4. HP: 33/33 MP: 5/10
   328 | D:2      | Learned a level 2 spell: Passwall
   328 | D:2      | Gained mutation: You passively dampen the noise of your
                  | surroundings. [hidden potential]
   332 | D:2      | Learned a level 3 spell: Stone Arrow
   460 | D:3      | Found a runed translucent gate.
   460 | D:3      | Found a runed translucent gate.
   460 | D:3      | Found a runed translucent gate.
   527 | D:4      | Noticed a scorpion
   532 | D:4      | Killed a scorpion
   533 | D:4      | Reached skill level 5 in Earth Magic
   533 | D:4      | Reached XP level 5. HP: 38/38 MP: 8/12
   534 | D:4      | Gained mutation: You are robust. (+10% HP) [hidden
                  | potential]
   534 | D:4      | Lost mutation: You have great hidden genetic potential.
                  | [hidden potential expressed]
  1661 | D:4      | Reached XP level 6. HP: 48/49 MP: 12/14
  2282 | D:4      | Glimpsed the power of Zot.
  2332 | D:4      | Glimpsed the power of Zot.
  2372 | D:4      | Glimpsed the power of Zot.
  2382 | D:4      | Touched by the power of Zot.
  2483 | D:4      | Glimpsed the power of Zot.
  2533 | D:4      | Glimpsed the power of Zot.
  2573 | D:4      | Glimpsed the power of Zot.
  2582 | D:4      | Touched by the power of Zot.
  2683 | D:4      | Glimpsed the power of Zot.
  2733 | D:4      | Glimpsed the power of Zot.
  2773 | D:4      | Glimpsed the power of Zot.
  2782 | D:4      | Touched by the power of Zot.
  2883 | D:4      | Glimpsed the power of Zot.
  2933 | D:4      | Glimpsed the power of Zot.
  2973 | D:4      | Glimpsed the power of Zot.
  2982 | D:4      | Touched by the power of Zot.
  3083 | D:4      | Glimpsed the power of Zot.
  3133 | D:4      | Glimpsed the power of Zot.
  3173 | D:4      | Glimpsed the power of Zot.
  3182 | D:4      | Touched by the power of Zot.
  3283 | D:4      | Glimpsed the power of Zot.
  3333 | D:4      | Glimpsed the power of Zot.
  3373 | D:4      | Glimpsed the power of Zot.
  3382 | D:4      | Touched by the power of Zot.
  3483 | D:4      | Glimpsed the power of Zot.
  3533 | D:4      | Glimpsed the power of Zot.
  3573 | D:4      | Glimpsed the power of Zot.
  3582 | D:4      | Touched by the power of Zot.
  3683 | D:4      | Glimpsed the power of Zot.
  3733 | D:4      | Glimpsed the power of Zot.
  3773 | D:4      | Glimpsed the power of Zot.
  3782 | D:4      | Touched by the power of Zot.
  3883 | D:4      | Glimpsed the power of Zot.
  3933 | D:4      | Glimpsed the power of Zot.
  3973 | D:4      | Glimpsed the power of Zot.
  3982 | D:4      | Touched by the power of Zot.
  4006 | D:4      | Slain by a goblin

Illustrated notes

Levels and vault maps discovered:
D:1:      spicycebolla_arrival_ecumenical, layout_loops_ring
D:2:      layout_basic
D:3:      layout_rooms, mainiacjoe_overflow_paths, gammafunk_ghost_necromancy
D:4:      layout_rooms, tso_metal_star, mainiacjoe_overflow_catwalk,
          elyvilon_altar_5, minmay_temple_entry_stoned_glass,
          nicolae_ossuary_entry_giza, minmay_misc_feat_square, minivault_4

Skill      XL: |  1  2  3  4 |
---------------+-------------+-----
Spellcasting   | 3 4 |  4.6
Earth Magic    | 4 5 |  5.2
Transmutations | 2 |  2.9
Dodging        | |  2.4
Stealth        | |  1.4

Action                     |  1- 3 |  4- 6 || total
---------------------------+-------+-------++-------
  Melee: Staff             |       |     4 ||     4
   Cast: Sandblast         |    13 |    23 ||    36
         Passwall          |       |     4 ||     4
    Use: Scroll            |     3 |       ||     3
         Potion            |     1 |       ||     1
 Armour: Robe              |       |     7 ||     7
  Dodge: Dodged            |     1 |    12 ||    13
